 Dungeon Crawl Stone Soup version 0.32-a0-12-g7fc57aa741 (webtiles) character file.

Game seed: 10314275919282211241

5868 Hopman the Fighter (level 10, 0/136 HPs)
             Began as a Hill Orc Fighter on Jan 14, 2024.
             Was an Elder of Beogh.
             Slain by a gargoyle
             ... wielding a +0 mace
              (5 damage)
             ... on level 8 of the Dungeon.
             The game lasted 00:48:47 (9075 turns).

Hopman the Fighter (Hill Orc Fighter)               Turns: 9075, Time: 00:48:47

Health: 0/136      AC: 32    Str: 30      XL:     10   Next: 81%
Magic:  0/15       EV:  2    Int:  8      God:    Beogh [****..]
Gold:   317        SH:  5    Dex:  8 (10) Spells: 15/16 levels left

rFire   . . .        b - +2 mace (protect)
rCold   + . .        c - +0 buckler
rNeg    . . .        B - melded +1 ring mail "Idotol" {rC+ rN+ Will+ Dex-5}
rPois   +            (helmet currently unavailable)
rElec   .            (cloak currently unavailable)
rCorr   .            w - melded +1 Delatra's gloves {ID++}
SInv    .            (boots currently unavailable)
Will    .....        v - amulet of guardian spirit
Stlth   +            i - +6 ring of strength
HPRegen 0.42/turn    D - ring of protection from cold
MPRegen 0.14/turn

%: guardian spirit
@: tree-form, under a protective aura, hasted, very quick
A: stationary, stasis, torment immunity, boosted hp, (antennae 1), (talons 1),
(fire resistance 1), inability to drink after injury 1
a: Renounce Religion, Smiting, Recall Orcish Followers


You were on level 8 of the Dungeon.
You worshipped Beogh.
Beogh was greatly pleased with you.
You were a tree.
You visited 2 branches of the dungeon, and saw 9 of its levels.
You also visited: Sewer.

You collected 432 gold pieces.
You spent 115 gold pieces at shops.

Inventory:

Hand Weapons
 a - a +1 demon trident
 b - a +2 mace of protection (weapon)
 q - a +3 flail
 G - a +2 hand axe of flaming
Missiles
 m - a throwing net (quivered)
Armour
 c - a +0 buckler (worn)
 w - the +1 Delatra's gloves (melded) {ID++}
   (You found it on level 4 of the Dungeon)

   ID++:      It heals its wearer when they drink unknown potions, and restores
   their MP when they read unknown scrolls.
 B - the +1 ring mail "Idotol" (melded) {rC+ rN+ Will+ Dex-5}
   (You found it on level 5 of the Dungeon)

   Dex-5:     It affects your dexterity (-5).
   rC+:       It protects you from cold.
   rN+:       It protects you from negative energy.
   Will+:     It increases your willpower.
 C - the +4 ring mail "Gulu Nue" {Regen+ rCorr}
   (You found it on level 7 of the Dungeon)

   Regen+:    It increases your rate of health regeneration.
   rCorr:     It protects you from acid and corrosion.
Jewellery
 e - a ring of fire
 i - a +6 ring of strength (left branch)
 k - a ring of resist corrosion
 s - a ring of fire
 u - a +6 ring of dexterity
 v - an amulet of guardian spirit (around neck)
 D - a ring of protection from cold (right branch)
 H - an amulet of the acrobat
 I - an amulet of reflection
Wands
 h - a wand of flame (52)
 E - a wand of iceblast (11)
 F - a wand of light (11)
Scrolls
 d - a scroll of fog
 g - a scroll of teleportation
 j - a scroll of immolation {unknown}
 n - a scroll of summoning
 o - 3 scrolls of fear {unknown}
 p - 4 scrolls of identify {unknown}
 r - 3 scrolls of enchant armour {unknown}
 t - a scroll of revelation
 x - 3 scrolls of poison {unknown}
 y - a scroll of acquirement {unknown}
 z - 4 scrolls of blinking {unknown}
 J - a scroll of amnesia {unknown}
 K - a scroll of vulnerability {unknown}
 L - a scroll of brand weapon {unknown}
Potions
 l - 2 potions of lignification


   Skills:
 * Level 9.4 Fighting
 * Level 8.0 Maces & Flails
 * Level 5.9(6.0) Polearms
 - Level 0.3(5.2) Staves
 + Level 6.7 Armour
 + Level 6.6 Shields
 + Level 3.5 Spellcasting
 + Level 4.6 Summonings
 + Level 4.9 Invocations


You had 15 spell levels left.
You knew the following spells:

 Your Spells              Type           Power      Damage    Failure   Level
a - Summon Small Mammal   Summ           32%        N/A       4%          1

Your spell library contained the following spells:

 Spells                   Type           Power      Damage    Failure   Level
 Apportation              Tloc           2%         N/A       34%         1
 Freeze                   Ice            4%         1d3       34%         1
 Necrotise                Necr           4%         1d4       34%         1
 Sting                    Conj/Alch      4%         1d3       34%         1
 Jinxbite                 Hex            2%         N/A       45%         2
 Anguish                  Hex/Necr       0%         N/A       98%         4
 Cause Fear               Hex            0%         N/A       98%         4
 Alistair's Intoxication  Alch           0%         N/A       100%        5
 Enfeeble                 Hex            0%         N/A       100%        7


Dungeon Overview and Level Annotations

Branches:
Dungeon (8/15)             Temple (1/1) D:7            Lair (0/5) D:8
  Sewer (visited)

Altars:
Ashenzari
Cheibriados
Dithmenos
Elyvilon
Fedhas
Hepliaklqana
Kikubaaqudgha
Makhleb
Nemelex Xobeh
Okawaru
Ru
Sif Muna
Trog
Uskayaw
Vehumet
Wu Jian
Xom
Yredelemnul
Zin
The Shining One
Beogh

Shops:
D:1 (   D:3 (   D:4 !   D:5 *   D:7 =

Annotations:
Temple 2 transporters


Innate Abilities, Weirdness & Mutations

You are a tree.
Your roots penetrate the ground, keeping you stationary.
You cannot be teleported.
You are immune to unholy pain and torment.
Your maximum health is greatly increased.
Your equipment is partially melded.
((You have a pair of small antennae on your head.))
((You have sharp toenails.))
((Your flesh is heat resistant. (rF+)))
You occasionally lose the ability to drink potions when taking damage.


Message History

The gargoyle hits you with a +0 mace. You block the gargoyle's attack.
You hit the gargoyle.
You claw the gargoyle, but do no damage.
The gargoyle is moderately damaged.
You hit the gargoyle but do no damage.
The gargoyle is moderately damaged.
The gargoyle hits you but does no damage.
The gargoyle hurls a stone arrow at you.
The stone arrow hits you!
You hit the gargoyle but do no damage.
The gargoyle is moderately damaged.
The gargoyle hits you with a +0 mace. The gargoyle hits you with a +0 mace!
* * * LOW HITPOINT WARNING * * *
As you read the scroll labelled DIHAIK HAE, it crumbles to dust.
It is a scroll of enchant weapon.
Your +0 demon trident glows red for a moment.
The energy of discovery flows from your fingertips!
Magic courses through your body. The gargoyle hits you with a +0 mace!
* * * LOW HITPOINT WARNING * * *
The gargoyle hits you with a +0 mace!
* * * LOW HITPOINT WARNING * * *
Okay, then.
As you read the scroll of teleportation, it crumbles to dust.
You feel strangely unstable.
You hit the gargoyle but do no damage. You claw the gargoyle.
The gargoyle is moderately damaged.
The gargoyle hits you with a +0 mace!
* * * LOW HITPOINT WARNING * * *
The gargoyle hits you with a +0 mace!
* * * LOW HITPOINT WARNING * * *
Okay, then.
You turn into a tree.
The +1 Delatra's gloves {ID++} melds into your body.
The +1 ring mail "Idotol" {rC+ rN+ Will+ Dex-5} melds into your body.
Your roots penetrate the ground.
You feel strangely stable.
The gargoyle hits you but does no damage. x2
You hit the gargoyle but do no damage.
The gargoyle is moderately damaged.
The gargoyle hits you with a +0 mace!
You die...

.........#...###8###)###.###
.............#8##'.'##8#...##
............###'.....'###...#
.....######.#.#.......#8#...#
.....# ##..##).............#
###.## #...##....8.........#
#.#####...##'.............# #
#.<##.<(..#8#.......#8#...#
###.....##..###'♣9...+###.#.#
.##...####...#8##9.'## ..#.#
...>..# ..#.## ,###$# ....#
.#....# .##... # .. ....... #
##.. ###.)... ..# ..<......
.. ###...... #


You could see 2 gargoyles.

Vanquished Creatures
  A boulder beetle (D:6)
  The ghost of dertzug the Grappler, a novice TrFi of Hepliaklqana (D:7)
  Pikel (D:5)
  2 gargoyles (D:8)
  Grinder (D:3)
  A steam dragon (D:7)
  2 water moccasins (D:6)
  Pargi (Sewer)
  An ice beast (D:5)
  2 sky beasts
  An orc warrior (D:4)
  3 centaurs
  2 ogres (D:5)
  A lemure (D:5)
  A phantom (D:6)
  2 bullfrogs
  A brain worm (Sewer)
  A scorpion (D:6)
  5 wights
  4 killer bees
  2 howler monkeys (D:6)
  3 bombardier beetles (D:5)
  5 hounds
  3 jellies
  2 orc priests (D:6)
  Natasha (thrice) (D:3)
  2 iguanas
  9 orc wizards
  A centaur simulacrum (D:7)
  A killer bee simulacrum (D:7)
  A gnoll (D:5)
  10 adders
  A river rat (D:3)
  3 shadow imps
  A howler monkey simulacrum (D:7)
  2 white imps (D:7)
  3 dart slugs
  5 ribbon worms
  18 orcs
  4 bats
  10 endoplasms
  2 giant cockroaches
  5 goblins
  5 hobgoblins
  6 jackals (D:5)
  2 quokkas
  10 ball pythons
  5 frilled lizards
  10 kobolds
  6 rats
174 creatures vanquished.

Vanquished Creatures (collateral kills)
  An orc warrior (D:8)
  2 ice beasts (D:7)
  2 wolves (D:8)
  2 bullfrogs (D:8)
  3 wights (D:8)
  5 killer bees
  An orc priest (D:8)
  An orc wizard (D:8)
  A centaur simulacrum (D:7)
  2 white imps
20 creatures vanquished.

Vanquished Creatures (others)
  An orc warrior (D:8)
  An orc knight (D:8)
  3 orc priests (D:8)
  9 orcs
14 creatures vanquished.

Grand Total: 208 creatures vanquished

Notes
Turn   | Place    | Note
-------+----------+-------------------------------------------
     0 | D:1      | Hopman the Hill Orc Fighter began the quest for the Orb.
     0 | D:1      | Reached XP level 1. HP: 19/19 MP: 1/1
    46 | D:1      | Reached XP level 2. HP: 27/27 MP: 2/2
    70 | D:1      | Found Wotie's Weapon Emporium.
   850 | D:2      | Reached skill level 4 in Fighting
   850 | D:2      | Reached XP level 3. HP: 26/33 MP: 3/3
  1231 | D:2      | Reached XP level 4. HP: 40/40 MP: 4/4
  1236 | D:2      | Learned a level 1 spell: Summon Small Mammal
  1669 | D:3      | Found a faded altar of an unknown god.
  1673 | D:3      | Noticed Natasha
  1706 | D:3      | Found Sukhlenet's Weapon Shoppe.
  1723 | D:3      | Killed Natasha
  1739 | D:3      | Noticed Natasha
  1763 | D:3      | Found a glowing drain.
  1790 | D:3      | Reached XP level 5. HP: 47/47 MP: 5/5
  1803 | D:3      | Killed Natasha
  1804 | D:3      | Reached skill level 1 in Summonings
  1827 | Sewer    | Entered a sewer
  1842 | Sewer    | Reached skill level 5 in Fighting
  1842 | Sewer    | Reached skill level 1 in Spellcasting
  1844 | Sewer    | Reached XP level 6. HP: 13/56 MP: 5/7
  2080 | Sewer    | Noticed Pargi
  2104 | Sewer    | Killed Pargi
  2396 | D:3      | Noticed Natasha
  2406 | D:3      | Killed Natasha
  2409 | D:3      | Noticed Grinder
  2422 | D:3      | Killed Grinder
  2423 | D:3      | Reached XP level 7. HP: 46/62 MP: 7/9
  2503 | D:3      | Got Plato's Textbook on Freezing
  2504 | D:3      | Prayed at the altar of an unknown god.
  2504 | D:3      | Became a worshipper of Beogh the Brigand
  2504 | D:3      | Reached * piety under Beogh
  2650 | D:3      | Found a broken altar of Ashenzari.
  2936 | D:4      | Reached skill level 6 in Fighting
  2957 | D:4      | Reached skill level 5 in Maces & Flails
  2969 | D:4      | Found the +1 Delatra's gloves {ID++}
  2978 | D:4      | Reached ** piety under Beogh
  3178 | D:4      | Found a glowing silver altar of Zin.
  3646 | D:4      | Found Peiloam's Distillery.
  3845 | D:4      | Reached XP level 8. HP: 46/71 MP: 3/10
  4072 | D:5      | Entered Level 5 of the Dungeon
  4172 | D:5      | Identified the +1 ring mail "Idotol" {rC+ rN+ Will+ Dex-5}
  4427 | D:5      | Reached skill level 5 in Shields
  4495 | D:5      | Reached skill level 1 in Polearms
  4495 | D:5      | Reached skill level 5 in Armour
  4679 | D:5      | Reached skill level 1 in Invocations
  4825 | D:5      | Found Igidu's Assorted Antiques.
  4831 | D:5      | Bought a runed golden ring for 115 gold pieces
  4879 | D:5      | Reached skill level 7 in Fighting
  5213 | D:5      | Noticed Pikel
  5271 | D:5      | Killed Pikel
  5272 | D:5      | Reached XP level 9. HP: 47/79 MP: 8/12
  5452 | D:5      | Found a shadowy altar of Dithmenos.
  5962 | D:6      | Found a shimmering blue altar of Sif Muna.
  6086 | D:6      | Reached skill level 8 in Fighting
  6099 | D:6      | Found a burning altar of Makhleb.
  6135 | D:6      | Reached *** piety under Beogh
  6170 | D:6      | Found an ornate altar of the Wu Jian Council.
  6532 | D:6      | Noticed a boulder beetle
  6662 | D:6      | Gained mutation: Your flesh is heat resistant. (rF+)
                  | [potion of mutation]
  6662 | D:6      | Gained mutation: You occasionally lose the ability to drink
                  | potions when taking damage. [potion of mutation]
  6662 | D:6      | Gained mutation: You have a pair of small antennae on your
                  | head. [potion of mutation]
  6662 | D:6      | Gained mutation: You have sharp toenails. [potion of
                  | mutation]
  6676 | D:6      | Killed a boulder beetle
  6677 | D:6      | Reached XP level 10. HP: 34/90 MP: 4/14
  7236 | D:7      | Found a blossoming altar of Fedhas.
  7263 | D:7      | Identified the +4 ring mail "Gulu Nue" {Regen+ rCorr}
  7339 | D:7      | Found a runed translucent gate.
  7339 | D:7      | Found a runed translucent gate.
  7339 | D:7      | Found a runed translucent gate.
  7363 | D:7      | Reached skill level 5 in Polearms
  7384 | D:7      | Noticed dertzug's ghost (novice TrFi)
  7407 | D:7      | Killed dertzug's ghost
  7408 | D:7      | Reached skill level 9 in Fighting
  7636 | D:7      | Found a staircase to the Ecumenical Temple.
  7645 | Temple   | Found a transporter.
  7645 | Temple   | Found a transporter.
  7645 | Temple   | Found a transporter.
  7645 | Temple   | Found a transporter.
  7645 | Temple   | Entered the Ecumenical Temple
  8182 | D:7      | Found Lohakux's Jewellery Shop.
  8400 | D:8      | Gained Beowulf as an ally
  8410 | D:8      | Your ally Beowulf died
  8429 | D:8      | Reached **** piety under Beogh
  8609 | D:8      | Found a staircase to the Lair.
  8820 | D:8      | Noticed a gargoyle
  8832 | D:8      | Killed a gargoyle
  9030 | D:8      | Noticed a gargoyle
  9038 | D:8      | Killed a gargoyle
  9060 | D:8      | Noticed a gargoyle
  9061 | D:8      | Noticed a gargoyle
  9073 | D:8      | HP: 3/91 [gargoyle/+0 mace (5)]
  9075 | D:8      | Slain by a gargoyle

Illustrated notes

Levels and vault maps discovered:
D:1:      doesnt_arrival_eight_statues, layout_loops_cross, serial_aquarium,
          aquarium_bridge_island_small [aquarium_subvault_small_water,
          aquarium_subvault_wall, aquarium_subvault_balcony,
          aquarium_subvault_window, aquarium_subvault_bridge],
          aquarium_window_corner, aquarium_window_fake, aquarium_window_fake,
          aquarium_view_2d, serial_shops, nicolae_shop_tiny_glass,
          corexii_corridor_pit
D:2:      layout_loops_cross, serial_bayou, serial_bayou_lake_a,
          serial_bayou_crossing, serial_bayou_shore_a, serial_bayou_ford_a
D:3:      layout_rooms, mainiacjoe_overflow_small_starburst,
          shapermc_ecumenical_altar_rom_forum, serial_shops,
          nicolae_shop_back_alley_shop, portal_sewer_entry_e,
          nicolae_concentric_dashed_squares_wild, uniq_natasha, uniq_grinder
D:4:      layout_basic, zin_treasury, serial_shops, shop,
          pf_guarded_unrand_delatra
D:5:      layout_basic, lemuel_round_altar, serial_shops, nicolae_shop_crystal,
          hangedman_decor_clover_reticule, hangedman_decor_opposing,
          minmay_chambers_of_fives, uniq_pikel
D:6:      minmay_chambers_of_fours, layout_loops_ring, amcnicky_altar_gilded,
          bloody_makhleb, nicolae_wu_jian_immortal_techniques, minmay_liquid_box
D:7:      layout_basic, fedhas_bush_and_centaur_altar,
          minmay_temple_entry_gardened_gates, serial_shops,
          nicolae_shop_gaudy_bauble, gammafunk_ghost_icy
D:8:      cheibrodos_statue_roulette, layout_rooms, nicolae_gozag_seed_capital,
          erik_lair_orcish_takeover, serial_aquarium,
          aquarium_bridge_island_small [aquarium_subvault_small_water,
          aquarium_subvault_bridge, aquarium_subvault_bridge,
          aquarium_subvault_window, aquarium_subvault_bridge],
          aquarium_window_fake, aquarium_window_fake, aquarium_window_fake,
          aquarium_window_fake, aquarium_view_2c, aquarium_view_2g,
          aquarium_pool_split
Temple:   hellmonk_temple_divided_pantheon

Skill      XL: |  1  2  3  4  5  6  7  8  9 10 |
---------------+-------------------------------+-----
Fighting       | 4 5 6 7 8 9 |  9.4
Maces & Flails | 3 4 5 6 7 8 |  8.0
Summonings     | 1 2 3 4 |  4.6
Shields        | 4 5 6 |  6.6
Armour         | 4 5 6 |  6.7
Spellcasting   | 1 2 3 |  3.5
Polearms       | 3 4 5 |  5.9
Invocations    | 2 3 4 |  4.9
Staves         | |  0.3

Action                     |  1- 3 |  4- 6 |  7- 9 | 10-12 || total
---------------------------+-------+-------+-------+-------++-------
  Melee: Flail             |    43 |       |       |       ||    43
         Mace              |    63 |   125 |   294 |   152 ||   634
         Demon trident     |       |       |   116 |    11 ||   127
         Kick              |       |       |     8 |    47 ||    55
   Cast: Summon Small Mamm |       |       |     5 |     1 ||     6
 Invoke: Smiting           |       |       |     2 |       ||     2
         Recall Orcish Fol |       |       |       |     1 ||     1
    Use: Potion            |       |     7 |     6 |     8 ||    21
         Scroll            |       |     1 |     2 |     3 ||     6
   Stab: Distracted        |       |       |     1 |       ||     1
         Invisible         |       |       |       |     3 ||     3
 Armour: Scale mail        |    74 |   150 |   115 |       ||   339
         Skin              |       |   198 |       |     3 ||   201
         Ring mail         |       |       |   210 |   211 ||   421
  Dodge: Dodged            |    45 |    78 |   163 |   139 ||   425
  Block: Buckler           |    21 |    58 |    72 |    40 ||   191

Table legend: (Time is in decaauts)
 A = Elapsed time spent in this place.
 B = Non-inter-level travel time spent in this place.
 C = Inter-level travel time spent in this place.
 D = Time resting spent in this place.
 E = Time spent auto-exploring this place.
 F = Levels seen in this place.
 G = Mean time per level.
                   A        B        C        D        E       F      G
               +--------+--------+--------+--------+--------+-----+--------+
         Total |   9222 |   8995 |    227 |   2161 |   4490 |  10 |  922.2 |
       Dungeon |   8716 |   8489 |    227 |   1863 |   4394 |   8 | 1089.5 |
        Temple |      1 |      1 |      0 |      0 |      0 |   1 |    1.0 |
         Sewer |    503 |    503 |      0 |    297 |     96 |   1 |  503.0 |
               +--------+--------+--------+--------+--------+-----+--------+

Top non-repeatable levels by time:
     D:5: 1767 daAuts
     D:6: 1289 daAuts
     D:4: 1269 daAuts
     D:7: 1252 daAuts
     D:2: 922 daAuts
     D:1: 835 daAuts
     D:8: 701 daAuts
     D:3: 680 daAuts
   Sewer: 503 daAuts
  Temple: 1 daAuts
